 Dungeon Sprint DCSS version 0.31-a0-876-gfe8ebadbca (webtiles) character file.

Game seed: 8206110128317662961

1326 rocky1 the Grappler (level 8, -4/67 HPs)
             Began as a Gnoll Shapeshifter on Oct 14, 2023.
             Was an Initiate of Gozag.
             Slain by a polar bear (8 damage)
             ... in the Dungeon (Sprint II: "The Violet Keep of Menkaure").
             The game lasted 00:04:24 (680 turns).

rocky1 the Grappler (Gnoll Shapeshifter)             Turns: 680, Time: 00:04:25

Health: -4/67      AC:  9    Str: 15    XL:     8   Next: 60%
Magic:  18/18      EV: 12    Int: 10    God:    Gozag
Gold:   204        SH:  0    Dex: 12    Spells: 20/20 levels left

rFire   + .          .
                       - Unarmed
rCold   . . .        (no shield)
rNeg    . . .        r - +2 scale mail {rF+}
rPois   .            (helmet currently unavailable)
rElec   .            (cloak currently unavailable)
rCorr   .            (gloves currently unavailable)
SInv    .            (boots currently unavailable)
Will    .....        (no amulet)
Stlth   +            (no ring)
HPRegen 0.31/turn    (no ring)
MPRegen 0.16/turn

%: no teleportation
@: beast-form, gold aura, invisible, very slow
A: beast (slay +4), fangs 1, strong nose, distributed training
a: Begin Untransformation, Renounce Religion, Potion Petition, Call Merchant,
Bribe Branch


You were in the Dungeon.
You worshipped Gozag.
Gozag was aware of your devotion.
You were a hulking beast.
You visited 1 branch You collected 1449 gold pieces.
You spent 1245 gold pieces at shops.

Inventory:

Armour
 a - a +0 animal skin
 b - the +0 pair of gloves of Veucias {rC++ Int+2 Slay+2}
   (You bought it in a shop in the Dungeon)

   Int+2:     It affects your intelligence (+2).
   Slay+2:    It affects your accuracy & damage with ranged weapons and melee
   (+2).
   rC++:      It greatly protects you from cold.
 r - a +2 scale mail of fire resistance (worn)
Jewellery
 p - a ring of fire
Talismans
 c - a beast talisman (active)
 d - a flux talisman
Scrolls
 j - a scroll of blinking
 o - 2 scrolls of identify {unknown}
 q - a scroll of vulnerability {unknown}
Potions
 e - 2 potions of curing
 f - a potion of heal wounds
 g - a potion of haste
 h - 2 potions of magic
 i - a potion of invisibility
 k - 2 potions of mutation
 l - a potion of might
 m - a potion of berserk rage
 n - a potion of cancellation {unknown}


   Skills:
 + Level 7.3 Fighting
 + Level 6.8 Short Blades
 + Level 6.8 Long Blades
 + Level 6.8 Axes
 + Level 6.8 Maces & Flails
 + Level 6.8 Polearms
 + Level 6.8 Staves
 + Level 6.8 Ranged Weapons
 + Level 6.8 Throwing
 + Level 6.8 Armour
 + Level 8.3 Dodging
 + Level 6.8 Stealth
 + Level 6.8 Shields
 + Level 9.5 Unarmed Combat
 + Level 6.8 Spellcasting
 + Level 5.6 Conjurations
 + Level 5.6 Hexes
 + Level 5.6 Summonings
 + Level 5.6 Necromancy
 + Level 5.6 Translocations
 + Level 5.6 Transmutations
 + Level 5.6 Fire Magic
 + Level 5.6 Ice Magic
 + Level 5.6 Air Magic
 + Level 5.6 Earth Magic
 + Level 5.6 Poison Magic
 + Level 7.4 Invocations
 + Level 6.8 Evocations
 + Level 9.1 Shapeshifting


You had 20 spell levels left.
You didn't know any spells.
Your spell library was empty.

Dungeon Overview and Level Annotations

Branches:
Dungeon (1/1)

Altars:
Cheibriados
Dithmenos
Elyvilon
Fedhas
Gozag
Hepliaklqana
Kikubaaqudgha
Makhleb
Nemelex Xobeh
Okawaru
Qazlal
Ru
Sif Muna
Trog
Uskayaw
Vehumet
Wu Jian
Xom
Yredelemnul
Zin
The Shining One
Jiyva
Lugonu

Shops:
D !*:!:(?!(*=[(=[

Annotations:
D exclusion: oklob plant


Innate Abilities, Weirdness & Mutations

You are a hulking beast.
Your limbs bulge with bestial killing power. (Slay +4)
You have very sharp teeth.
Your uncanny sense of smell can sniff out nearby items.
Your experience applies equally to all skills.


Message History

The polar bear is severely wounded.
The polar bear misses you. The polar bear barely misses you.
The polar bear misses you.
The yaktaur shoots a bolt.
The bolt hits the polar bear!
You strike the helpless polar bear from behind!
You punch the polar bear!
You kill the polar bear!
The yaktaur is distracted by your dazzling golden aura.
There is an open door, spattered with blood here.
You see here 279 gold pieces.
The yaktaur shouts!
You punch the yaktaur!
The yaktaur is no longer distracted by gold.
You punch the yaktaur, but do no damage.
The yaktaur is lightly wounded.
You enter the shallow water.
Moving in this stuff is going to be slow. ...and don't expect to remain undetected.
The yaktaur is engulfed in a cloud of scalding steam.
The yaktaur unwields a +0 arbalest.
The yaktaur hits you but does no damage.
The polar bear bites you.
The polar bear claws you but does no damage. x2
You punch the yaktaur!
The yaktaur is heavily wounded.
The yaktaur is engulfed in a cloud of scalding steam.
The yaktaur hits you.
* * * LOW HITPOINT WARNING * * *
The polar bear bites you!
* * * LOW HITPOINT WARNING * * *
The polar bear closely misses you.
The polar bear claws you but does no damage.
The yaktaur is engulfed in a cloud of scalding steam.
The yaktaur barely misses you.
You hit the yaktaur. You bite the yaktaur, but do no damage.
The yaktaur is almost dead.
You feel yourself speed up. The polar bear bites you!
You die...
Your body crumbles into a pile of gold.

##+# .. ∆ ∆ #..###.#### +^##. ∆∆
∆∆∆∆ ..##.# ...#∆ ...# ## ∆∆∆∆
#.#.####..## #.^# .#▓%$$!(!
##'###.##..#∆ +..# .#▓($!!$!$$▓
##.##...#..# #..# .#▓([[[([$(▓
'.<.'.##'..####..##.#▓[$[=[[$(
##.##...#....###...##▓▓▓▓▓▓▓+
##'###.##.....§ch~~~~~~~~~~~.
#...####~~...§.h#$########+###
..#).#~~~~§§~§.~#..._._._#S§~##
#...##~~~~~§~~.~#_._._._.#S§§≈##
##+##~~~≈§≈§~~~~#._._._._#~~~§≈#
~~~~~~~~~§§§§~~§#_._._._.#~~§≈≈≈
++#+++#~≈§§§≈§§~#._._._..#§~~~~≈
≈SS≈ ##§§§###§§#_._._...#~~~~≈S
§SS≈≈≈≈ ∆#≈≈#._._....#~~≈≈≈≈


You could see a polar bear and a yaktaur.

Vanquished Creatures
  A merfolk siren (D)
  A polar bear (D)
  A vampire mosquito (D)
  2 water moccasins (D)
  4 necrophages (D)
  4 scorpions (D)
  3 worms (D)
16 creatures vanquished.

Vanquished Creatures (others)
  A polar bear (D)
  A hornet (D)
  Menkaure (D)
3 creatures vanquished.

Grand Total: 19 creatures vanquished

Notes
Turn   | Place    | Note
-------+----------+-------------------------------------------
     0 | D        | rocky1 the Gnoll Shapeshifter began the quest for the Orb.
     0 | D        | Reached XP level 1. HP: 17/17 MP: 1/1
     1 | D        | Noticed a necrophage
     1 | D        | Noticed a necrophage
     1 | D        | Noticed a necrophage
     1 | D        | Noticed a necrophage
     7 | D        | Killed a necrophage
     8 | D        | Reached skill level 5 in Dodging
     8 | D        | Reached XP level 2. HP: 24/24 MP: 1/5
     8 | D        | Reached XP level 3. HP: 29/29 MP: 1/6
     8 | D        | Reached XP level 4. HP: 36/36 MP: 1/7
    14 | D        | Killed a necrophage
    15 | D        | Reached XP level 5. HP: 42/42 MP: 1/9
    24 | D        | Reached skill level 5 in Fighting
    24 | D        | Reached XP level 6. HP: 44/51 MP: 2/12
    31 | D        | Noticed Menkaure
    32 | D        | Noticed a water moccasin
    36 | D        | Killed Menkaure
    40 | D        | Killed a water moccasin
    41 | D        | Reached skill level 5 in Invocations
    43 | D        | Found a glowing golden altar of the Shining One.
    43 | D        | Found an ornate altar of the Wu Jian Council.
    44 | D        | Found a shimmering altar of Xom.
    44 | D        | Found a sacrificial altar of Ru.
    45 | D        | Found a basalt altar of Yredelemnul.
    45 | D        | Found a shimmering blue altar of Sif Muna.
    46 | D        | Found a glowing silver altar of Zin.
    46 | D        | Found a bloodstained altar of Trog.
    46 | D        | Found an ancient bone altar of Kikubaaqudgha.
    46 | D        | Found a stormy altar of Qazlal.
    46 | D        | Found a viscous altar of Jiyva.
    47 | D        | Found a hide-covered altar of Uskayaw.
    47 | D        | Found a corrupted altar of Lugonu.
    47 | D        | Found a shadowy altar of Dithmenos.
    48 | D        | Found a radiant altar of Vehumet.
    48 | D        | Found a burning altar of Makhleb.
    48 | D        | Found a white marble altar of Elyvilon.
    49 | D        | Found a sparkling altar of Nemelex Xobeh.
    49 | D        | Found a blossoming altar of Fedhas.
    51 | D        | Found an iron altar of Okawaru.
    51 | D        | Found an opulent altar of Gozag.
    51 | D        | Found a hazy altar of Hepliaklqana.
    51 | D        | Found a snail-covered altar of Cheibriados.
    54 | D        | Noticed a water moccasin
    55 | D        | Noticed a water moccasin
    59 | D        | Noticed a flying skull
    59 | D        | Noticed a flying skull
    59 | D        | Became a worshipper of Gozag Ym Sagoz the Greedy
    60 | D        | Noticed a water moccasin
   173 | D        | Reached skill level 5 in Short Blades
   173 | D        | Reached skill level 5 in Long Blades
   173 | D        | Reached skill level 5 in Axes
   173 | D        | Reached skill level 5 in Maces & Flails
   173 | D        | Reached skill level 5 in Polearms
   173 | D        | Reached skill level 5 in Staves
   173 | D        | Reached skill level 5 in Ranged Weapons
   173 | D        | Reached skill level 5 in Throwing
   173 | D        | Reached skill level 5 in Armour
   173 | D        | Reached skill level 5 in Stealth
   173 | D        | Reached skill level 5 in Shields
   173 | D        | Reached skill level 5 in Spellcasting
   173 | D        | Reached skill level 5 in Evocations
   173 | D        | Reached XP level 7. HP: 42/57 MP: 14/14
   232 | D        | Noticed a merfolk siren
   243 | D        | Killed a merfolk siren
   244 | D        | Reached skill level 5 in Conjurations
   244 | D        | Reached skill level 5 in Hexes
   244 | D        | Reached skill level 5 in Summonings
   244 | D        | Reached skill level 5 in Necromancy
   244 | D        | Reached skill level 5 in Translocations
   244 | D        | Reached skill level 5 in Transmutations
   244 | D        | Reached skill level 5 in Fire Magic
   244 | D        | Reached skill level 5 in Ice Magic
   244 | D        | Reached skill level 5 in Air Magic
   244 | D        | Reached skill level 5 in Earth Magic
   244 | D        | Reached skill level 5 in Poison Magic
   244 | D        | Reached XP level 8. HP: 65/65 MP: 15/17
   276 | D        | Noticed an ice statue
   291 | D        | Found Jihan's Jewellery Boutique.
   291 | D        | Found Tiajil's Antique Armour Shop.
   291 | D        | Found Holugin's Antique Weapon Boutique.
   291 | D        | Found Peraotec's General Store.
   291 | D        | Found Zosuav's Distillery.
   292 | D        | Found Vyt Qistridd's Antique Armour Shop.
   292 | D        | Found Saca's Jewellery Shop.
   292 | D        | Found Wathen's Magic Scroll Shop.
   293 | D        | Found Tuogou's Antique Weapon Boutique.
   293 | D        | Found Yrocs's Weapon Boutique.
   548 | D        | Found Xutauss's Book Shop.
   548 | D        | Found Foquc Giro's Distillery.
   548 | D        | Noticed an oklob plant
   549 | D        | Found Yjoy's Assorted Antiques.
   549 | D        | Found Kithran's Distillery.
   549 | D        | Found Wixuemi's Book Shoppe.
   570 | D        | Bought a pair of scorched gloves for 294 gold pieces
   570 | D        | Identified the +0 pair of gloves of Veucias {rC++ Int+2
                  | Slay+2} (You bought it in a shop in the Dungeon)
   578 | D        | Bought a potion of heal wounds for 50 gold pieces
   578 | D        | Bought 2 potions of invisibility for 160 gold pieces
   580 | D        | Bought 2 potions of mutation for 160 gold pieces
   580 | D        | Bought a potion of curing for 30 gold pieces
   580 | D        | Bought a potion of might for 40 gold pieces
   580 | D        | Bought a potion of heal wounds for 50 gold pieces
   580 | D        | Bought a potion of curing for 30 gold pieces
   580 | D        | Bought a potion of berserk rage for 50 gold pieces
   582 | D        | Bought a bubbling cyan potion for 18 gold pieces
   582 | D        | Bought a scroll labelled BUNETHITTO for 20 gold pieces
   582 | D        | Bought a runed bronze ring for 100 gold pieces
   582 | D        | Bought a scroll labelled MAUH USOAWAUFEC for 20 gold pieces
   582 | D        | Bought a scroll labelled BUNETHITTO for 20 gold pieces
   592 | D        | Bought a runed scale mail for 203 gold pieces
   658 | D        | Noticed a polar bear
   658 | D        | Noticed a polar bear
   658 | D        | Noticed a hornet
   659 | D        | Noticed a polar bear
   659 | D        | Noticed a yaktaur
   669 | D        | Killed a hornet
   672 | D        | Killed a polar bear
   675 | D        | Killed a polar bear
   680 | D        | Slain by a polar bear

Illustrated notes

Levels and vault maps discovered:
D:        the_violet_keep_of_menkaure [sprint2_stairs_cluster_1,
          sprint2_shoproom, sprint2_temple, sprint2_basic_supplies,
          sprint2_obstacle_7, sprint2_obstacle_4, sprint2_obstacle_2,
          sprint2_obstacle_5, sprint2_obstacle_6, sprint2_timed_cluster_1,
          sprint2_smallroom_cluster_1, sprint2_smallroom_final_cluster_1,
          sprint2_transparent_cluster_1, sprint2_second_timed_cluster_1,
          sprint2_sniper_area_1, sprint2_heavy_combat_area_1,
          sprint2_mutation_trap_area_1, sprint2_forest_area_1,
          sprint2_light_combat_area_1, sprint2_behind_water_1,
          sprint2_near_end_vault_1]

Skill      XL: |  1  2  3  4  5  6  7  8 |
---------------+-------------------------+-----
Fighting       | 3 4 5 6 7 |  7.3
Short Blades   | 2 3 4 5 6 |  6.8
Long Blades    | 2 3 4 5 6 |  6.8
Axes           | 2 3 4 5 6 |  6.8
Maces & Flails | 2 3 4 5 6 |  6.8
Polearms       | 2 3 4 5 6 |  6.8
Staves         | 2 3 4 5 6 |  6.8
Ranged Weapons | 2 3 4 5 6 |  6.8
Throwing       | 2 3 4 5 6 |  6.8
Armour         | 2 3 4 5 6 |  6.8
Dodging        | 5 6 7 8 |  8.3
Stealth        | 2 3 4 5 6 |  6.8
Shields        | 2 3 4 5 6 |  6.8
Unarmed Combat | 7 8 9 |  9.5
Spellcasting   | 2 3 4 5 6 |  6.8
Conjurations   | 2 3 4 5 |  5.6
Hexes          | 2 3 4 5 |  5.6
Summonings     | 2 3 4 5 |  5.6
Necromancy     | 2 3 4 5 |  5.6
Translocations | 2 3 4 5 |  5.6
Transmutations | 2 3 4 5 |  5.6
Fire Magic     | 2 3 4 5 |  5.6
Ice Magic      | 2 3 4 5 |  5.6
Air Magic      | 2 3 4 5 |  5.6
Earth Magic    | 2 3 4 5 |  5.6
Poison Magic   | 2 3 4 5 |  5.6
Invocations    | 2 3 4 5 6 7 |  7.4
Evocations     | 2 3 4 5 6 |  6.8
Shapeshifting  | 7 8 9 |  9.1

Action                     |  1- 3 |  4- 6 |  7- 9 || total
---------------------------+-------+-------+-------++-------
  Melee: Unarmed           |     5 |    30 |    51 ||    86
         Bite              |       |     2 |     3 ||     5
         Punch             |       |       |     7 ||     7
    Use: Potion            |     1 |       |     5 ||     6
   Stab: Sleeping          |       |       |     1 ||     1
         Invisible         |       |       |     1 ||     1
 Armour: Animal skin       |     1 |     7 |    12 ||    20
         Scale mail        |       |       |    29 ||    29
         Skin              |       |       |     3 ||     3
  Dodge: Dodged            |     1 |    21 |    36 ||    58

Table legend: (Time is in decaauts)
 A = Elapsed time spent in this place.
 B = Non-inter-level travel time spent in this place.
 C = Inter-level travel time spent in this place.
 D = Time resting spent in this place.
 E = Time spent auto-exploring this place.
 F = Levels seen in this place.
 G = Mean time per level.
                   A        B        C        D        E       F      G
               +--------+--------+--------+--------+--------+-----+--------+
         Total |    706 |    706 |      0 |    340 |      0 |   1 |  706.0 |
       Dungeon |    706 |    706 |      0 |    340 |      0 |   1 |  706.0 |
               +--------+--------+--------+--------+--------+-----+--------+

Top non-repeatable levels by time:
       D: 706 daAuts
